 Dungeon Crawl Stone Soup version 0.22.0-40-g68aacdc (console) character file.

36 bli the Skirmisher (level 3, 0/31 HPs)
             Began as a Formicid Abyssal Knight on Sept 1, 2018.
             Was a Follower of Lugonu.
             Slain by a gnoll
             ... wielding a +0 whip
              (6 damage)
             ... on level 2 of the Dungeon.
             The game lasted 00:05:12 (1165 turns).

bli the Skirmisher (Formicid Abyssal Knight)        Turns: 1165, Time: 00:05:12

Health: 0/31       AC:  3    Str: 16    XL:     3   Next: 57%
Magic:  4/4        EV: 11    Int: 11    God:    Lugonu [*.....]
Gold:   104        SH:  0    Dex: 11    Spells: 2/2 levels left

rFire    . . .     SeeInvis +   a - +1 hand axe
rCold    . . .     Gourm    .   (no shield)
rNeg     . . .     Faith    .   b - +0 leather armour
rPois    .         Spirit   .   (helmet unavailable)
rElec    .         Reflect  .   (no cloak)
rCorr    .         Harm     .   (no gloves)
MR       .....                  (no boots)
Stlth    +.........             (no amulet)
HPRegen  0.10/turn              g - ring of wizardry
MPRegen  0.09/turn              (no ring)

@: no status effects
A: permanent stasis, dig shafts and tunnels, four strong arms, antennae 3
a: Dig, Shaft Self, Depart the Abyss, Renounce Religion


You were on level 2 of the Dungeon.
You worshipped Lugonu.
Lugonu was aware of your devotion.
You were not hungry.

You visited 1 branch of the dungeon, and saw 2 of its levels.
You visited the Abyss 1 time.

You collected 104 gold pieces.

Inventory:

Hand Weapons
 a - a +1 hand axe (weapon)
Missiles
 l - 23 stones (quivered)
Armour
 b - a +0 leather armour (worn)
Jewellery
 g - a ring of wizardry (left hand)
Scrolls
 e - 2 scrolls of identify {unknown}
 i - 2 scrolls of fog {unknown}
Potions
 d - a potion of cancellation {unknown}
 f - 2 potions of curing {unknown}
 h - a potion of haste {unknown}
 j - a potion of flight {unknown}
 k - a potion of agility {unknown}
Comestibles
 c - 4 rations


   Skills:
 * Level 4.4 Fighting
 + Level 2.0 Axes
 + Level 2.4 Armour
 + Level 1.0 Dodging
 + Level 2.4 Invocations


You had 2 spell levels left.
You didn't know any spells.
Your spell library was empty.

Dungeon Overview and Level Annotations

Branches:
Dungeon (2/15)

Altars:
Cheibriados
Makhleb
Sif Muna


Innate Abilities, Weirdness & Mutations

You cannot be hasted, slowed, berserked, paralysed or teleported.
You can dig through walls and to a lower floor.
Your four strong arms can wield two-handed weapons with a shield.
You have a pair of large antennae on your head. (SInv)


Message History

There is an open door here.
The gnoll shouts!
There is an open door here.
You start resting.
The gnoll is too close now for your liking.
You see here a spear.
You hit the gnoll.
The gnoll is moderately wounded.
The gnoll hits you with a whip.
You hit the gnoll.
The gnoll is severely wounded.
The gnoll closely misses you.
You barely miss the gnoll.
The gnoll is severely wounded.
The gnoll barely misses you. The gnoll hits you with a whip!
* * * LOW HITPOINT WARNING * * *
You hit the gnoll.
The gnoll is almost dead.
The gnoll hits you with a whip.
You die...

#.# #.# #####.#
########...#.#
#######..........#.#
#.......###'###..#.###
#.#####.# #.# #.<.....
#.# #...###.###..#.###
#.# #...###_..'.....##
#.###.#.###.###......#
#.##.@g.# #.# #.....##
#.......###'###.##.##
####..........).##.#
###.############.#
#...# ##'## ##...#
##...## ##8..8##
##.....# #.....##.
##.......
###..###.{####g.......
#......#.{g..'........
###..###.g####........


You could see a gnoll.

Vanquished Creatures
  A gnoll (D:2)
  A worm (D:2)
  2 leopard geckos (D:1)
  4 bats (D:1)
  2 giant cockroaches (D:1)
  3 goblins (D:1)
  3 hobgoblins
  2 frilled lizards (D:1)
  A rat (D:2)
19 creatures vanquished.

Notes
Turn   | Place    | Note
-------+----------+-------------------------------------------
     0 | Abyss:1  | bli the Formicid Abyssal Knight began the quest for the Orb.
     0 | Abyss:1  | Reached XP level 1. HP: 18/18 MP: 2/2
    21 | Abyss:2  | Noticed a rakshasa
    22 | Abyss:2  | Noticed a worldbinder
    23 | D:1      | Escaped the Abyss
    54 | D:1      | Reached * piety under Lugonu
    62 | D:1      | Reached XP level 2. HP: 23/25 MP: 3/3
   123 | D:1      | Reached skill level 1 in Dodging
   182 | D:1      | Reached skill level 4 in Fighting
   463 | D:1      | Reached XP level 3. HP: 30/30 MP: 4/4
   901 | D:2      | Found a burning altar of Makhleb.
  1042 | D:2      | Found a snail-covered altar of Cheibriados.
  1043 | D:2      | Found a deep blue altar of Sif Muna.
  1165 | D:2      | Slain by a gnoll

Skill      XL: |  1  2 |
---------------+-------+-----
Dodging        | 1 |  1.0
Fighting       | 4 |  4.4
Axes           | |  2.0
Armour         | |  2.4
Invocations    | |  2.4

Action                   || total
-------------------------++-------
Melee: Hand axe          ||    73
Invok: Depart the Abyss  ||     1
 Abil: Dig               ||     1
  Eat: Chunk             ||     1
Armor: Leather armour    ||    25
Dodge: Dodged            ||    45
